 Dungeon Crawl Stone Soup version 0.31-a0-590-g8a5a4361df (webtiles) character file.

Game seed: 2426062832836160423

6855 Irenicus the Gouger (level 10, -13/50 (53) HPs)
             Began as a Felid Shapeshifter on Aug 19, 2023.
             Was an Initiate of Gozag.
             Mangled by Rupert
             ... wielding a +6 great mace of draining
              (27 damage)
             ... on level 12 of the Dungeon.
             The game lasted 01:07:44 (7831 turns).

Irenicus the Gouger (Felid Shapeshifter)            Turns: 7831, Time: 01:07:45

HP:   -13/50 (53)   AC:  7    Str: 11    XL:     10   Next: 78%
MP:   0/11          EV: 31    Int: 10    God:    Gozag
Gold: 1034          SH:  0    Dex: 27    Spells: 9/9 levels left
                                        Lives: 0   Deaths: 2

rFire   . .          .
                       - Unarmed
rCold   + . .        (shield unavailable)
rNeg    . . .        (body armour unavailable)
rPois   .            (helmet unavailable)
rElec   .            (cloak unavailable)
rCorr   .            (gloves unavailable)
SInv    +            (boots unavailable)
Will    +....        q - amulet of guardian spirit
Stlth   +++++        D - +6 ring of dexterity
HPRegen 0.28/turn    T - +4 ring of protection
MPRegen 0.12/turn

%: guardian spirit
@: mighty, blade hands, studying Fighting, drained, quick
A: very small, claws 1, fangs 3, see invisible, speed 1, shaggy fur 3, (stealthy
paws), no weapons or thrown items, no armour, multi-lived
a: Begin Untransformation, Renounce Religion, Potion Petition, Call Merchant,
Bribe Branch


You were on level 12 of the Dungeon.
You worshipped Gozag.
Gozag was most pleased with you.
You had blades for front paws.
You visited 2 branches of the dungeon, and saw 13 of its levels.
You also visited: Sewer.

You collected 1597 gold pieces.
You spent 356 gold pieces at shops.
You paid 207 gold pieces to Gozag.


Innate Abilities, Weirdness & Mutations

You have blades for front paws.
You have sharp claws.
You have razor-sharp teeth.
You have supernaturally acute eyesight. (SInv)
You cover ground quickly. (Speed+)
Your thick and shaggy fur keeps you warm. (AC +3, rC+)
((Your paws help you pounce on unaware monsters.))
You are incapable of wielding weapons or throwing items.
You cannot wear armour.
You gain extra lives every three experience levels.


   Skills:
 - Level 12.0 Fighting
 - Level 12.0 Dodging
 - Level 10.1 Stealth
 + Level 13.5 Unarmed Combat
 - Level 9.0 Shapeshifting


You had 9 spell levels left.
You didn't know any spells.
Your spell library contained the following spells:

 Spells                   Type           Power      Damage    Failure   Level
 Shock                    Conj/Air       0%         1d3       36%         1
 Cigotuvi's Dreadful Rot  Necr/Pois/Air  0%         N/A       50%         2
 Call Canine Familiar     Summ           0%         N/A       75%         3
 Dazzling Flash           Conj/Hex       0%         N/A       75%         3
 Swiftness                Air            0%         N/A       75%         3
 Airstrike                Air            0%         2d(0-16)  98%         4
 Dispel Undead            Necr           0%         3d6       98%         4
 Leda's Liquefaction      Hex/Erth       0%         N/A       98%         4
 Agony                    Necr           0%         N/A       100%        5
 Iskenderun's Battlesphe  Conj           0%         2d6       100%        5
 Silence                  Hex/Air        0%         N/A       100%        5
 Summon Forest            Summ/Tloc      0%         N/A       100%        5
 Death Channel            Necr           0%         N/A       100%        6
 Eringya's Noxious Bog    Tmut/Pois      0%         4d6       100%        6
 Leda's Unmaking          Conj/Erth      0%         9d1       100%        6
 Spellforged Servitor     Conj/Summ      0%         N/A       100%        7
 Summon Hydra             Summ           0%         N/A       100%        7
 Portal Projectile        Hex/Tloc       Unusable   N/A       N/A         3

Inventory:

Jewellery
 j - an amulet of reflection
 q - an amulet of guardian spirit (around neck)
 D - a +6 ring of dexterity (left blade hand)
 R - a ring of resist corrosion
 T - a +4 ring of protection (right blade hand)
Talismans
 b - a beast talisman
 c - a flux talisman
Wands
 n - a wand of polymorph (6)
 x - a wand of roots (17)
 A - a wand of paralysis (8)
 B - a wand of flame (58)
 C - a wand of light (6)
Scrolls
 d - 3 scrolls of immolation
 e - 2 scrolls of silence {unknown}
 f - 3 scrolls of revelation {unknown}
 h - 4 scrolls of teleportation {@r2}
 k - a scroll of fear {unknown}
 m - 5 scrolls of enchant armour {unknown}
 o - 4 scrolls of blinking {unknown}
 u - a scroll of enchant weapon {unknown}
 v - 7 scrolls of identify {unknown}
 y - 2 scrolls of vulnerability {unknown}
 F - a scroll of butterflies {unknown}
Potions
 a - 3 potions of enlightenment
 i - 6 potions of curing {@q1}
 p - 8 potions of heal wounds {@q2}
 r - a potion of invisibility
 s - a potion of cancellation
 t - 3 potions of attraction
 w - a potion of berserk rage {unknown}
 z - a potion of lignification
 E - 2 potions of haste {unknown}

Dungeon Overview and Level Annotations

Branches:
Dungeon (12/15)            Temple (1/1) D:4            Lair (0/5) D:11
  Sewer (visited)
    Orc: D:9-12

Altars:
Ashenzari
Cheibriados
Dithmenos
Elyvilon
Fedhas
Gozag
Hepliaklqana
Kikubaaqudgha
Makhleb
Nemelex Xobeh
Okawaru
Qazlal
Ru
Sif Muna
Trog
Uskayaw
Vehumet
Wu Jian
Xom
Yredelemnul
Zin
The Shining One
Jiyva

Shops:
D:3 *   D:4 (   D:7 !

Annotations:
D:7 Menkaure
D:9 3 runed translucent doors, Vruhak's ghost, journeyman FoHu
D:12 Gastronok; Rupert

##########################
..........................
..........................
.........#................
..###...#.....#.....####.
.###....................
........@...#############
###'###.@...# ... ###+###
#.. ... #.. +####
.....#####+#


You could see Rupert (berserk).


Message History

You hear the loud beating of a very distant drum.
Found 8 stones.
You see here 8 stones.
Rupert is nearby!
You feel very mighty all of a sudden.
You catch the helpless Rupert completely off-guard!
You slash Rupert! You bite Rupert!
Rupert is lightly wounded.
You slice Rupert!!
Rupert is moderately wounded.
Rupert roars madly and goes into a rage!
Rupert goes berserk!
You slice Rupert!!
Rupert is heavily wounded.
Rupert hits you with a +6 great mace of draining!
* * * LOW HITPOINT WARNING * * *
You feel drained.
* * * LOW HITPOINT WARNING * * *
You slash Rupert!
Rupert is heavily wounded.
Rupert misses you.
You hit Rupert. You slash Rupert! You bite Rupert!
Rupert is severely wounded.
Rupert completely misses you.
You barely miss Rupert.
Rupert is severely wounded.
Rupert hits you with a +6 great mace of draining!!
Ouch! That really hurt!
You die...
Your body crumbles into a pile of gold.

Skill      XL: |  1  2  3  4  5  6  7  8  9 10 11 12 |
---------------+-------------------------------------+-----
Dodging        | 3 4 5 7 10 12 | 12.0
Unarmed Combat | 4 5 6 7 9 11 12 13 | 13.5
Stealth        | 1 3 4 6 10 | 10.1
Fighting       | 3 4 9 10 12 | 12.0
Shapeshifting  | 5 6 8 9 |  9.0

Action                     |  1- 3 |  4- 6 |  7- 9 | 10-12 || total
---------------------------+-------+-------+-------+-------++-------
  Melee: Unarmed           |    99 |   188 |   386 |   361 ||  1034
         Bite              |     9 |    14 |    33 |    56 ||   112
         Punch             |     2 |     5 |    19 |    29 ||    55
  Evoke: Wand              |       |       |     1 |     1 ||     2
    Use: Potion            |     2 |     8 |     6 |     6 ||    22
         Scroll            |       |       |     3 |     1 ||     4
   Stab: Sleeping          |     2 |     9 |    15 |    12 ||    38
         Invisible         |       |     1 |     6 |     3 ||    10
         Distracted        |       |       |     1 |    10 ||    11
 Armour: Skin              |     7 |    12 |     5 |     6 ||    30
  Dodge: Dodged            |    76 |   115 |   274 |   295 ||   760
  Block: Other             |       |       |    18 |     5 ||    23
   Form: Beast             |       |     1 |     1 |     1 ||     3
         Flux              |       |     1 |     1 |     1 ||     3
         Blade             |       |       |       |     1 ||     1

Levels and vault maps discovered:
D:1:      dpeg_arrival_ratfight, layout_basic
D:2:      layout_rooms, uniq_robin
D:3:      layout_rooms, ebering_ghost_reflecting_pool, serial_shops, shop,
          uniq_terence, uniq_natasha
D:4:      layout_basic, mainiacjoe_overflow_catch_the_wave, demons_altar,
          mainiacjoe_overflow_tiny_flanked, minmay_temple_entry_trees,
          gup_sewer_entry_glass, serial_shops, shop, minmay_crossroads
D:5:      layout_cave_pools, ebering_ghost_sewer_d, uniq_sigmund
D:6:      minmay_angry_zag, layout_basic, minmay_misc_feat_cross,
          kennysheep_donut
D:7:      layout_cave_pools, nicolae_overflow_crystal_walls, fedhas_altar_1,
          serial_shops, nicolae_shop_waterfront, uniq_joseph, uniq_menkaure
D:8:      kennysheep_blocky_hall, layout_loops_ring,
          mainiacjoe_overflow_boulevard, uniq_amaemon
D:9:      layout_stronghold, mainiacjoe_overflow_paths,
          nzn_hepliaklqana_mist_gate, mainiacjoe_overflow_alcove_2,
          gammafunk_ghost_ooze, dreamdust_princess_corridor, uniq_maggie
D:10:     layout_cave_pods, gammafunk_temple_overflow_elements
D:11:     layout_roguey, grunt_lair_entry_orc_guard_hut, laboratory,
          uniq_erolcha
D:12:     layout_stronghold, erik_orc_4, gauntlet_entry_generic,
          portal_ice_cave_entry_pillars_1, led_sif_book, uniq_maurice,
          uniq_gastronok, uniq_rupert, uniq_jorgrun, uniq_urug
Temple:   hellmonk_temple_beads

Notes
Turn   | Place    | Note
-------+----------+-------------------------------------------
     0 | D:1      | Irenicus the Felid Shapeshifter began the quest for the
                  | Orb.
     0 | D:1      | Reached XP level 1. HP: 9/9 MP: 2/2
    27 | D:1      | Reached skill level 3 in Dodging
    72 | D:1      | Reached XP level 2. HP: 10/12 MP: 3/3
   309 | D:1      | Reached XP level 3. HP: 15/15 MP: 4/4
   397 | D:1      | Reached skill level 4 in Dodging
   495 | D:1      | Reached skill level 4 in Unarmed Combat
   614 | D:2      | Reached XP level 4. HP: 11/19 MP: 5/5
   646 | D:2      | Noticed Robin
   684 | D:2      | Killed Robin
   698 | D:2      | Reached skill level 5 in Unarmed Combat
   701 | D:2      | Reached skill level 1 in Stealth
   709 | D:2      | Reached XP level 5. HP: 9/22 MP: 6/6
   953 | D:2      | Reached skill level 2 in Stealth
  1047 | D:3      | Found Emmicy's General Store.
  1054 | D:3      | Bought a scroll of immolation for 52 gold pieces
  1054 | D:3      | Bought a potion of might for 52 gold pieces
  1106 | D:3      | Found a runed translucent door.
  1106 | D:3      | Noticed nms23's ghost (amateur HOMo)
  1170 | D:3      | Noticed Terence
  1192 | D:3      | Killed Terence
  1214 | D:3      | Noticed Natasha
  1235 | D:3      | Killed Natasha
  1238 | D:3      | Noticed Natasha
  1247 | D:3      | Killed Natasha
  1248 | D:3      | Reached skill level 3 in Stealth
  1250 | D:3      | Gained mutation: You are covered in thick fur. (AC +2)
                  | [Felid growth]
  1250 | D:3      | Reached XP level 6. HP: 20/25 MP: 3/7
  1260 | D:3      | Noticed Natasha
  1273 | D:3      | Killed Natasha
  1274 | D:3      | Reached skill level 5 in Dodging
  1490 | D:4      | Found Luthiut's Antique Weapon Shoppe.
  1537 | D:4      | Found an ornate altar of the Wu Jian Council.
  1614 | D:4      | Reached skill level 4 in Stealth
  1646 | D:4      | Found a glowing drain.
  1671 | D:4      | Reached skill level 6 in Unarmed Combat
  1676 | Sewer    | Entered a sewer
  1739 | Sewer    | Reached XP level 7. HP: 27/28 MP: 6/8
  1781 | Sewer    | Reached skill level 6 in Dodging
  1781 | Sewer    | Reached skill level 5 in Stealth
  2269 | D:4      | Found a burning altar of Makhleb.
  2288 | D:4      | Reached skill level 6 in Stealth
  2352 | D:4      | Found a sacrificial altar of Ru.
  2400 | D:4      | Found a staircase to the Ecumenical Temple.
  2409 | Temple   | Entered the Ecumenical Temple
  2466 | D:4      | Reached skill level 7 in Unarmed Combat
  2559 | D:4      | Found a shimmering altar of Xom.
  2573 | D:4      | Reached skill level 7 in Dodging
  2573 | D:4      | Reached XP level 8. HP: 32/32 MP: 5/9
  2623 | D:5      | Entered Level 5 of the Dungeon
  2644 | D:5      | Found a runed translucent door.
  2648 | D:5      | Noticed MrCrawl's ghost (amateur TeFE)
  2680 | D:5      | Reached skill level 8 in Unarmed Combat
  2835 | D:5      | Reached skill level 9 in Unarmed Combat
  2865 | D:5      | Noticed Sigmund
  3139 | D:6      | Reached skill level 2 in Fighting
  3288 | D:6      | Reached skill level 3 in Fighting
  3288 | D:6      | Reached XP level 9. HP: 34/37 MP: 8/10
  3337 | D:6      | Identified the +5 scale mail "Jauxecer" {rC+}
  3635 | D:6      | Reached skill level 10 in Unarmed Combat
  3640 | D:6      | Reached skill level 4 in Fighting
  4079 | D:7      | Noticed Joseph
  4095 | D:7      | Killed Joseph
  4096 | D:7      | Reached skill level 4 in Shapeshifting
  4146 | D:7      | Reached skill level 11 in Unarmed Combat
  4159 | D:7      | Noticed Menkaure
  4195 | D:7      | Reached skill level 5 in Shapeshifting
  4242 | D:7      | Found a radiant altar of Vehumet.
  4387 | D:7      | Found a blossoming altar of Fedhas.
  4438 | D:7      | Found Ucwuett's Distillery.
  4448 | D:7      | Bought 2 potions of heal wounds for 140 gold pieces
  4448 | D:7      | Bought a potion of invisibility for 112 gold pieces
  4691 | D:3      | Killed nms23's ghost
  4748 | D:5      | Killed Sigmund
  4749 | D:5      | Reached XP level 10. HP: 25/42 MP: 11/11
  4773 | D:5      | Killed MrCrawl's ghost
  4774 | D:5      | Reached skill level 6 in Shapeshifting
  4914 | D:8      | Reached skill level 12 in Unarmed Combat
  5272 | D:8      | Noticed Amaemon
  5278 | D:8      | Identified a potion of experience
  5278 | D:8      | Reached skill level 9 in Fighting
  5278 | D:8      | Reached skill level 10 in Dodging
  5278 | D:8      | Reached skill level 10 in Stealth
  5278 | D:8      | Reached XP level 11. HP: 42/53 MP: 6/12
  5310 | D:8      | Killed Amaemon
  5391 | D:8      | Found a glowing golden altar of the Shining One.
  5480 | D:9      | Found a broken altar of Ashenzari.
  5502 | D:9      | Reached skill level 10 in Fighting
  5518 | D:9      | Found a runed translucent gate.
  5518 | D:9      | Found a runed translucent gate.
  5519 | D:9      | Found a runed translucent gate.
  5519 | D:9      | Noticed Vruhak's ghost (journeyman FoHu)
  5526 | D:9      | Found a viscous altar of Jiyva.
  5554 | D:9      | Found an opulent altar of Gozag.
  5663 | D:9      | Became a worshipper of Gozag Ym Sagoz the Greedy
  5798 | D:9      | Reached skill level 11 in Dodging
  6069 | D:9      | Found a hazy altar of Hepliaklqana.
  6111 | D:9      | Noticed Maggie
  6115 | D:9      | Killed Maggie
  6257 | D:10     | Entered Level 10 of the Dungeon
  6499 | D:10     | Reached skill level 7 in Shapeshifting
  6541 | D:10     | Reached skill level 12 in Dodging
  6559 | D:10     | Found a sparkling altar of Nemelex Xobeh.
  6559 | D:10     | Found a hide-covered altar of Uskayaw.
  6846 | D:11     | Noticed Erolcha
  6851 | D:11     | Killed Erolcha
  6852 | D:11     | Reached skill level 8 in Shapeshifting
  6921 | D:11     | Gained mutation: Your thick and shaggy fur keeps you warm.
                  | (AC +3, rC+) [Felid growth]
  6921 | D:11     | Reached XP level 12. HP: 45/58 MP: 13/13
  7079 | D:11     | Reached skill level 9 in Shapeshifting
  7228 | D:11     | Found a staircase to the Lair.
  7299 | D:11     | Reached skill level 11 in Fighting
  7316 | D:11     | Reached skill level 12 in Fighting
  7348 | D:11     | Mangled by a large abomination
  7349 | D:11     | Reached XP level 11. HP: -12/57 MP: 0/12
  7478 | D:12     | Noticed a deep elf pyromancer
  7484 | D:12     | Killed a deep elf pyromancer
  7485 | D:12     | Reached skill level 13 in Unarmed Combat
  7586 | D:12     | Noticed Rupert
  7596 | D:12     | Paralysed by Rupert for 3 turns
  7632 | D:12     | Paralysed by Rupert for 4 turns
  7634 | D:12     | HP: 4/50 [Rupert/+6 great mace of draining (11)]
  7634 | D:12     | HP: 1/48 [Rupert/+6 great mace of draining (3)]
  7635 | D:12     | Demolished by Rupert
  7636 | D:12     | Reached XP level 10. HP: -15/42 MP: 0/11
  7644 | D:12     | Noticed Maurice
  7657 | D:12     | Killed Maurice
  7666 | D:12     | Noticed Gastronok
  7702 | D:12     | HP: 3/53 [Gastronok/the air (5)]
  7750 | D:12     | Found a shimmering blue altar of Sif Muna.
  7831 | D:12     | Mangled by Rupert

Vanquished Creatures
  Erolcha (D:11)
  Amaemon (D:8)
  A wizard (D:11)
  A deep elf pyromancer (D:12)
  Joseph (D:7)
  Maurice (D:12)
  An orange demon (D:8)
  A gargoyle (D:11)
  5 large abominations (D:11)
  Maggie (D:9)
  An unseen horror (D:11)
  A kobold demonologist (D:10)
  A komodo dragon (D:12)
  2 trolls
  2 hornets
  Sigmund (D:5)
  A wyvern (D:8)
  A vampire (D:12)
  A wraith (D:9)
  The ghost of nms23 the Chopper, an amateur HOMo (D:3)
  20 yaks
  A human (D:12)
  3 vampire mosquitoes (D:11)
  A warg (D:12)
  2 acid dragons
  2 water moccasins
  7 small abominations (D:11)
  An ice beast (D:5)
  5 orc warriors
  A black bear (D:6)
  2 ogres
  4 centaurs
  A phantom (D:6)
  The ghost of MrCrawl the Firebug, an amateur TeFE (D:5)
  7 kobold brigands
  6 bullfrogs
  A gnoll sergeant (D:7)
  8 scorpions
  12 killer bees
  2 howler monkeys
  3 iron imps (D:4)
  2 jellies
  2 hounds (D:5)
  4 orc priests
  2 gnoll boudas
  5 iguanas
  Terence (D:3)
  9 orc wizards
  Natasha (thrice) (D:3)
  Robin (D:2)
  14 adders
  21 gnolls
  5 river rats (Sewer)
  2 shadow imps
  2 white imps
  5 worms (Sewer)
  2 dart slugs
  40 orcs
  12 endoplasms
  8 giant cockroaches
  17 goblins
  10 hobgoblins
  8 jackals (D:1)
  19 kobolds
  2 quokkas
  14 ball pythons
  3 bats (D:1)
  8 frilled lizards
  14 rats
351 creatures vanquished.

Table legend: (Time is in decaauts)
 A = Elapsed time spent in this place.
 B = Non-inter-level travel time spent in this place.
 C = Inter-level travel time spent in this place.
 D = Time resting spent in this place.
 E = Time spent auto-exploring this place.
 F = Levels seen in this place.
 G = Mean time per level.
                   A        B        C        D        E       F      G
               +--------+--------+--------+--------+--------+-----+--------+
         Total |   6620 |   6256 |    364 |     33 |    169 |  14 |  472.9 |
       Dungeon |   5966 |   5602 |    364 |     33 |    169 |  12 |  497.2 |
        Temple |      1 |      1 |      0 |      0 |      0 |   1 |    1.0 |
         Sewer |    652 |    652 |      0 |      0 |      0 |   1 |  652.0 |
               +--------+--------+--------+--------+--------+-----+--------+

Top non-repeatable levels by time:
     D:6: 833 daAuts
     D:9: 677 daAuts
   Sewer: 652 daAuts
     D:4: 549 daAuts
     D:8: 514 daAuts
     D:3: 505 daAuts
    D:11: 502 daAuts
     D:1: 494 daAuts
     D:7: 429 daAuts
    D:10: 428 daAuts
     D:5: 416 daAuts
     D:2: 313 daAuts
    D:12: 302 daAuts
  Temple: 1 daAuts

Table legend:
 A = Non-vault XP
 B = Vault XP
 C = Vault XP percentage of total XP
 D = Non-vault monster count
 E = Vault monster count
 F = Vault count percentage of total count
                 A         B        C        D         E       F
            +---------+---------+-------+---------+---------+-------
      Total |   13323 |   10893 |  45.0 |     241 |     110 |  31.3
            +---------+---------+-------+---------+---------+-------
        D:1 |      77 |       5 |   6.1 |      37 |       5 |  11.9
        D:2 |     116 |      34 |  22.7 |      26 |      11 |  29.7
        D:3 |     219 |     276 |  55.8 |      26 |       3 |  10.3
        D:4 |     249 |     154 |  38.2 |      16 |       9 |  36.0
        D:5 |    1039 |     445 |  30.0 |      14 |       5 |  26.3
        D:6 |     895 |     283 |  24.0 |      28 |       5 |  15.2
        D:7 |    1019 |     439 |  30.1 |      34 |       1 |   2.9
        D:8 |     553 |    1766 |  76.2 |      11 |       6 |  35.3
        D:9 |    2071 |     389 |  15.8 |      11 |       1 |   8.3
       D:10 |    2357 |       0 |   0.0 |      16 |       0 |   0.0
       D:11 |    3346 |    5466 |  62.0 |      17 |      19 |  52.8
       D:12 |    1382 |    1112 |  44.6 |       5 |      17 |  77.3
      Sewer |       0 |     524 | 100.0 |       0 |      28 | 100.0
            +---------+---------+-------+---------+---------+-------
